 Dungeon Crawl Stone Soup version 0.30-a0-528-g8c47a4955b (webtiles) character file.

Game seed: 6263879513709170259

592 Nezza the Chopper (level 7, -20/59 HPs)
             Began as a Hill Orc Reaver on Dec 23, 2022.
             Killed by an exploding bat (27 damage)
             ... ignited by their inner flame
             ... on level 4 of the Dungeon.
             The game lasted 00:39:26 (3286 turns).

Nezza the Chopper (Hill Orc Reaver)                 Turns: 3286, Time: 00:39:27

Health: -20/59     AC:  3    Str: 17    XL:     7   Next: 39%
Magic:  8/8        EV: 11    Int: 13    God:
Gold:   230        SH:  0    Dex:  9    Spells: 3/9 levels left

rFire   . . .      SeeInvis .    n - +2 hand axe (elec)
rCold   . . .      Faith    .    (no shield)
rNeg    + . .      Spirit   .    b - +0 leather armour
rPois   .          Reflect  .    (no helmet)
rElec   .          Harm     .    (no cloak)
rCorr   .          Rampage  .    (no gloves)
Will    .....                    (no boots)
Stlth   +                        (no amulet)
HPRegen 0.29/turn                l - ring of positive energy
MPRegen 0.11/turn                (no ring)

@: no status effects
A: low MP 1
a: no special abilities


You were on level 4 of the Dungeon.
You visited 1 branch of the dungeon, and saw 4 of its levels.

You collected 230 gold pieces.

Inventory:

Hand Weapons
 a - a +2 falchion
 m - a +2 vampiric dagger
 n - a +2 hand axe of electrocution (weapon)
 p - a +0 club
Missiles
 i - 23 stones
 j - a throwing net
Armour
 b - a +0 leather armour (worn)
 c - a +0 pair of gloves
 f - a +1 plate armour
 s - a +0 animal skin
 t - a +0 helmet
Magical Staves
 k - a staff of earth
Jewellery
 l - a ring of positive energy (left hand)
Scrolls
 o - a scroll of teleportation
 q - 2 scrolls of fog
 u - 3 scrolls of identify
 v - a scroll of poison {unknown}
Potions
 d - a potion of magic
 e - 2 potions of might
 h - a potion of flight


   Skills:
 + Level 4.2 Fighting
 + Level 4.8 Long Blades
 * Level 5.8 Axes
 + Level 2.7 Armour
 + Level 2.0 Dodging
 + Level 0.1 Stealth
 + Level 1.7 Spellcasting
 + Level 3.7 Conjurations
 + Level 0.8 Necromancy


You had 3 spell levels left.
You knew the following spells:

 Your Spells              Type           Power      Damage    Failure   Level
a - Kiss of Death         Conj/Necr      28%        2d7       12%         1
b - Momentum Strike       Conj/Tloc      12%        3d8       22%         2
c - Hailstorm             Conj/Ice       6%         3d4       38%         3

Your spell library contained the following spells:

 Spells                   Type           Power      Damage    Failure   Level
 Gell's Gravitas          Tloc           1%         N/A       67%         3
 Teleport Other           Tloc           1%         N/A       67%         3
 Dispersal                Tloc           0%         N/A       100%        6


Dungeon Overview and Level Annotations

Branches:
Dungeon (4/15)
 Temple: D:4-7

Altars:
Elyvilon

Shops:
D:2 (


Innate Abilities, Weirdness & Mutations

Your magical capacity is low. (-10% MP)


Message History

The bat hits the fungus.
The fungus begins to die.
Really read the scroll of immolation?
Okay, then.
Okay, then.
Found 5 stones.
The bat pulls away from the web.
The bat barely misses you. The bat completely misses you.
A bat comes into view.
The bat hits the fungus.
The fungus begins to die.
The adder evades a web.
Something hits the fungus.
The bat closely misses you.
The bat hits the fungus.
Really read the scroll of immolation?
Uppercase [Y]es or [N]o only, please.
Really read the scroll of immolation?
As you read the scroll of immolation, it crumbles to dust.
The creatures around you are filled with an inner flame!
The bat misses you. The bat hits you but does no damage.
Something completely misses the fungus.
The bat hits the fungus.
Something hits the fungus.
The bat is caught in a web!
The bat hits the fungus. x2
The adder bites the fungus.
The bat is caught in a web!
Something hits the fungus.
The bat hits the fungus.
The bat pulls away from the web.
Found a mace.
The bat struggles to get unstuck from the web.
The bat hits the fungus. x5; The bat barely misses you.
The bat pulls away from the web.
The adder bites the fungus.
The bat hits you but does no damage.
The bat hits the fungus.
The bat is caught in a web!
The bat hits the fungus.
The adder bites the fungus.
You hit the bat. You miss the bat. You hit the fungus.
The bat explodes!
The fiery explosion engulfs the bat!
The fiery explosion engulfs you!!
* * * LOW HITPOINT WARNING * * *
The fiery explosion engulfs the fungus!
The fungus is lightly damaged.
The fiery explosion engulfs the bat!!
The bat explodes!
The fiery explosion engulfs the adder!!
The fiery explosion engulfs the fungus!!
The fungus is moderately damaged.
The fiery explosion engulfs you!!
You die...

#.........#
###...#.....#####
#................
#.#.##†.#.#.#.###
##.#.....#.##
####..##.#.###.#
##....###..###...
###..####...###....
#§@§##.#####.##....
#§P§###.............
#.)^.§Pb
#########...##
#......b#P ##.###
...P.P##### #.# #
.^..^. #.# .(..#)
#.# ^P..#^ #.# #.#


You could see 2 bats.

Vanquished Creatures
  Grinder (D:3)
  3 scorpions (D:4)
  An iguana (D:4)
  An orc wizard (D:3)
  Robin (D:3)
  5 adders
  2 worms (D:2)
  7 dart slugs
  An orc (D:3)
  9 endoplasms
  5 giant cockroaches
  10 goblins
  11 hobgoblins
  7 jackals
  A quokka (D:3)
  2 ball pythons
  9 bats
  3 frilled lizards (D:2)
  A kobold (D:2)
  4 rats
  A spectral kobold (D:2)
85 creatures vanquished.

Vanquished Creatures (others)
  An orc wizard (D:3)
  A fungus (D:4)
2 creatures vanquished.

Grand Total: 87 creatures vanquished

Notes
Turn   | Place    | Note
-------+----------+-------------------------------------------
     0 | D:1      | Nezza the Hill Orc Reaver began the quest for the Orb.
     0 | D:1      | Reached XP level 1. HP: 18/18 MP: 3/3
   121 | D:1      | Reached XP level 2. HP: 25/25 MP: 4/4
   358 | D:1      | Gained mutation: Your magical capacity is low. (-10% MP)
                  | [potion of mutation]
   470 | D:1      | Reached XP level 3. HP: 19/30 MP: 5/5
   820 | D:2      | Found Dawkuuli's Antique Weapon Emporium.
   964 | D:2      | Found a faded altar of an unknown god.
  1033 | D:2      | Reached XP level 4. HP: 25/38 MP: 5/5
  1797 | D:3      | Reached skill level 1 in Axes
  1831 | D:3      | Noticed Grinder
  1843 | D:3      | Paralysed by Grinder for 5 turns
  1853 | D:3      | Killed Grinder
  1854 | D:3      | Reached skill level 3 in Axes
  1854 | D:3      | Reached skill level 1 in Armour
  1854 | D:3      | Reached XP level 5. HP: 12/46 MP: 6/6
  1854 | D:3      | Reached XP level 6. HP: 13/52 MP: 7/7
  2212 | D:3      | Reached skill level 4 in Axes
  2623 | D:3      | Noticed Robin
  2644 | D:3      | Killed Robin
  2724 | D:3      | Learned a level 2 spell: Momentum Strike
  2728 | D:3      | Learned a level 3 spell: Hailstorm
  3049 | D:4      | Found a white marble altar of Elyvilon.
  3262 | D:4      | Reached skill level 5 in Axes
  3262 | D:4      | Reached XP level 7. HP: 52/55 MP: 8/8
  3286 | D:4      | Killed by an exploding bat... ignited by their inner flame

Illustrated notes

Levels and vault maps discovered:
D:1:      dpeg_arrival_orchard, layout_loops_corners, minivault_24
D:2:      layout_basic, dreamdust_ecumenical_altar_drowned_temple, serial_shops,
          nicolae_shop_statue_plus, minmay_pentomino_u2
D:3:      layout_basic, chequers_serial_rivers_marsh, hangedman_glass_teeth,
          hangedman_decor_riveting, uniq_grinder, uniq_robin
D:4:      old_forge, layout_loops_ring, lemuel_doored_altar,
          minmay_temple_entry_butterflies, gammafunk_ghost_grave

Skill      XL: |  1  2  3  4  5  6  7 |
---------------+----------------------+-----
Long Blades    | 4 |  4.8
Fighting       | 3 4 |  4.2
Axes           | 3 5 |  5.8
Armour         | 1 2 |  2.7
Dodging        | 2 |  2.0
Stealth        | |  0.1
Spellcasting   | |  1.7
Conjurations   | |  3.7
Necromancy     | |  0.8

Action                   |  1- 3 |  4- 6 |  7- 9 || total
-------------------------+-------+-------+-------++-------
Melee: Falchion          |   188 |       |       ||   188
       Punch             |     3 |     1 |       ||     4
       Hand axe          |       |   124 |    12 ||   136
 Cast: Kiss of Death     |     1 |     1 |       ||     2
  Use: Potion            |     2 |     4 |     1 ||     7
       Scroll            |     3 |     7 |     1 ||    11
Armor: Leather armour    |    30 |     4 |     3 ||    37
       Plate armour      |    82 |    84 |       ||   166
       Skin              |       |    28 |       ||    28
Dodge: Dodged            |    73 |    40 |    10 ||   123

Table legend: (Time is in decaauts)
 A = Elapsed time spent in this place.
 B = Non-inter-level travel time spent in this place.
 C = Inter-level travel time spent in this place.
 D = Time resting spent in this place.
 E = Time spent auto-exploring this place.
 F = Levels seen in this place.
 G = Mean time per level.
                   A        B        C        D        E       F      G
               +--------+--------+--------+--------+--------+-----+--------+
         Total |   3339 |   3312 |     27 |    435 |    681 |   4 |  834.8 |
       Dungeon |   3339 |   3312 |     27 |    435 |    681 |   4 |  834.8 |
               +--------+--------+--------+--------+--------+-----+--------+

Top non-repeatable levels by time:
     D:3: 1345 daAuts
     D:2: 1027 daAuts
     D:1: 716 daAuts
     D:4: 249 daAuts
